 Dungeon Crawl Stone Soup version 0.31-a0-210-gccc998df9b (webtiles) character file.

Game seed: 1534551262953552977

1537 Dittersdorf the Shield-Bearer (level 8, -19/52 HPs)
             Began as a Gargoyle Fighter on June 29, 2023.
             Demolished by an orc warrior
             ... wielding a +2 heavy dire flail
              (24 damage)
             ... on level 7 of the Dungeon.
             The game lasted 00:07:25 (6274 turns).

Dittersdorf the Shield-Bearer (Gargoyle Fighter)    Turns: 6274, Time: 00:07:26

Health: -19/52     AC: 18    Str: 23    XL:     8   Next: 86%
Magic:  8/8        EV:  8    Int: 14    God:
Gold:   414        SH:  5    Dex:  9    Spells: 7/7 levels left

rFire   . . .        b - +3 flail (heavy)
rCold   . . .        c - +0 buckler
rNeg    + . .        f - +0 chain mail
rPois   ∞            (no helmet)
rElec   +            o - +0 cloak
rCorr   .            a - +0 pair of gloves
SInv    .            (no boots)
Will    +....        (no amulet) Stlth
                     r - +6 ring of intelligence
HPRegen 0.28/turn    l - ring of willpower
MPRegen 0.11/turn

%: no passive effects
@: no status effects
A: sickness immunity, AC +5, negative energy resistance 1, electricity
resistance, torment resistance 1, petrification resistance
a: no special abilities


You were on level 7 of the Dungeon.
You visited 2 branches of the dungeon, and saw 8 of its levels.

You collected 414 gold pieces.

Inventory:

Hand Weapons
 b - a +3 heavy flail (weapon)
Missiles
 m - 5 poisoned darts
Armour
 a - a +0 pair of gloves (worn)
 c - a +0 buckler (worn)
 f - a +0 chain mail (worn)
 o - a +0 cloak (worn)
Jewellery
 l - a ring of willpower (right hand)
 r - a +6 ring of intelligence (left hand)
Wands
 t - a wand of acid (8)
 u - a wand of flame (22)
Scrolls
 e - 2 scrolls of teleportation
 g - a scroll of enchant weapon
 i - a scroll of poison
 p - 3 scrolls of identify
Potions
 d - a potion of might
 h - 2 potions of mutation
 j - 2 potions of haste
 k - a potion of brilliance
 n - 5 potions of curing
 q - 2 potions of cancellation
 s - a potion of enlightenment


   Skills:
 + Level 6.7 Fighting
 + Level 5.7 Maces & Flails
 + Level 6.7 Armour
 + Level 6.7 Shields


You had 7 spell levels left.
You didn't know any spells.
Your spell library contained the following spells:

 Spells                   Type           Power      Damage    Failure   Level
 Ensorcelled Hibernation  Hex/Ice        0%         N/A       95%         2
 Lesser Beckoning         Tloc           0%         N/A       95%         2
 Gell's Gravitas          Tloc           0%         N/A       99%         3
 Spider Form              Tmut/Pois      0%         N/A       99%         3
 Summon Guardian Golem    Hex/Summ       0%         N/A       99%         3
 Teleport Other           Tloc           0%         N/A       99%         3
 Anguish                  Hex/Necr       0%         N/A       100%        4
 Orb of Destruction       Conj           0%         9d5       100%        7
 Spellforged Servitor     Conj/Summ      0%         N/A       100%        7


Dungeon Overview and Level Annotations

Branches:
Dungeon (7/15)             Temple (1/1) D:6

Altars:
Ashenzari
Dithmenos
Elyvilon
Fedhas
Gozag
Hepliaklqana
Kikubaaqudgha
Makhleb
Nemelex Xobeh
Ru
Sif Muna
Trog
Uskayaw
Wu Jian
Xom
Zin

Shops:
D:5 ![(   D:6 *   D:7 *


Innate Abilities, Weirdness & Mutations

You are immune to sickness and miasma.
Your stone body is resilient. (AC +5)
You are immune to poison.
You resist negative energy. (rN+)
You are resistant to electric shocks. (rElec)
You are resistant to unholy torment.
You are immune to petrification.


Message History

No target in view!
No target in view!
No target in view!
No target in view!
No target in view!
No target in view!
No target in view!
HP restored.
You see here a +0 giant club.
Found a glowing silver altar of Zin.
There is an entrance to Zin's Purification Station here.
Found a stone staircase leading down.
An orc warrior and a white imp come into view.
The orc warrior is wielding a +2 heavy dire flail.
The orc warrior shouts!
You hear a shout!
You hear an angry hiss.
You hear a shout!
You hear a loud, deep croak!
A kobold brigand comes into view.
It is wielding a +0 dagger and quivering poisoned darts.
The orc warrior hits you with a +2 heavy dire flail!
The white imp shouts, "Flee, thou bootless wibble-sucking measle!"
A bullfrog comes into view.
The orc warrior barely misses you. The white imp spits at you.
The bullfrog moves out of view.
You barely miss the orc warrior. You block the orc warrior's attack.
You closely miss the orc warrior. The orc warrior closely misses you.
You barely miss the orc warrior. You block the orc warrior's attack.
The orc warrior hits you with a +2 heavy dire flail!
You barely miss the orc warrior.
The orc warrior hits you with a +2 heavy dire flail!!
* * * LOW HITPOINT WARNING * * *
You hit the orc warrior but do no damage.
The orc warrior hits you with a +2 heavy dire flail!
* * * LOW HITPOINT WARNING * * *
You sock the orc warrior!
The orc warrior is moderately wounded.
The orc warrior barely misses you.
The white imp grins evilly.
The orc warrior attacks as you move away!
The orc warrior hits you with a +2 heavy dire flail!!
You die...

...#'#.............#....#
........#............##.#
........#...........###.#
..<....................>#
......#.####.......######
.................###
################.# #.#
#@# #o# #.# ♣ #K# ♣.♣#5#
♣...# ♣....# ..K♣♣..# #.♣
♣#..


You could see an orc warrior, a kobold brigand and a white imp.

Vanquished Creatures
  Sigmund (D:3)
  A sky beast (D:6)
  A black bear (D:6)
  2 ogres
  A kobold brigand (D:6)
  5 scorpions
  2 howler monkeys
  An orc priest (D:4)
  A gnoll bouda (D:5)
  2 hounds
  A jelly (D:4)
  3 iguanas
  2 orc wizards
  Robin (D:3)
  12 adders
  8 gnolls
  An ufetubus (D:5)
  A worm (D:2)
  2 dart slugs
  20 orcs
  5 ball pythons
  4 bats
  7 endoplasms
  A giant cockroach (D:3)
  5 hobgoblins
  4 jackals (D:1)
  A quokka (D:1)
  3 frilled lizards
  12 goblins
  12 kobolds
  2 rats (D:1)
124 creatures vanquished.

Vanquished Creatures (others)
  A human (D:3)
1 creature vanquished.

Grand Total: 125 creatures vanquished

Notes
Turn   | Place    | Note
-------+----------+-------------------------------------------
     0 | D:1      | Dittersdorf the Gargoyle Fighter began the quest for the
                  | Orb.
     0 | D:1      | Reached XP level 1. HP: 14/14 MP: 1/1
    73 | D:1      | Reached XP level 2. HP: 19/19 MP: 2/2
   445 | D:1      | Reached XP level 3. HP: 23/23 MP: 3/3
   774 | D:2      | Reached XP level 4. HP: 20/29 MP: 4/4
   917 | D:2      | Found a faded altar of an unknown god.
  1177 | D:2      | Reached XP level 5. HP: 33/33 MP: 5/5
  1389 | D:3      | Noticed Robin
  1394 | D:3      | Killed Robin
  1485 | D:3      | Noticed Sigmund
  1501 | D:3      | Killed Sigmund
  1502 | D:3      | Reached XP level 6. HP: 9/39 MP: 6/6
  1776 | D:3      | Found an ancient bone altar of Kikubaaqudgha.
  1777 | D:3      | Noticed a human
  1780 | D:3      | Killed a human
  1942 | D:3      | Found a hazy altar of Hepliaklqana.
  2616 | D:3      | Reached skill level 5 in Fighting
  2616 | D:3      | Reached skill level 5 in Armour
  2616 | D:3      | Reached skill level 5 in Shields
  2616 | D:3      | Reached XP level 7. HP: 32/44 MP: 7/7
  2773 | D:4      | Found an opulent altar of Gozag.
  2938 | D:4      | Found a shadowy altar of Dithmenos.
  3694 | D:5      | Entered Level 5 of the Dungeon
  3694 | D:5      | Found Wuqobajo's Weapon Boutique.
  3948 | D:5      | Found Fot Omimn's Armour Emporium.
  4284 | D:5      | Found Ytayvo Optu's Distillery.
  4372 | D:5      | Reached XP level 8. HP: 51/51 MP: 8/8
  4984 | D:6      | Found Pabut Jurgh's Elemental Accessories.
  4990 | D:6      | Reached skill level 5 in Maces & Flails
  5117 | D:6      | Found a blossoming altar of Fedhas.
  5121 | D:6      | Found a sacrificial altar of Ru.
  5256 | D:6      | Found a staircase to the Ecumenical Temple.
  5267 | Temple   | Entered the Ecumenical Temple
  5268 | Temple   | Noticed Syicin the pandemonium lord
  5268 | Temple   | Noticed Urobb the pandemonium lord
  5268 | Temple   | Noticed a hell beast
  5269 | Temple   | Noticed a red devil
  5269 | Temple   | Noticed a reaper
  5298 | Temple   | Noticed Peorch the pandemonium lord
  5318 | Temple   | Noticed Zekif the pandemonium lord
  5324 | Temple   | Noticed an ice devil
  5329 | Temple   | Noticed Dauprawu the pandemonium lord
  5343 | Temple   | Noticed a blizzard demon
  5343 | Temple   | Noticed a soul eater
  5344 | Temple   | Noticed Jatec the pandemonium lord
  5344 | Temple   | Noticed a hellwing
  5344 | Temple   | Noticed an orange demon
  6178 | D:7      | Found Zin's Purification Station.
  6230 | D:7      | Found a glowing silver altar of Zin.
  6274 | D:7      | Demolished by an orc warrior

Illustrated notes

Levels and vault maps discovered:
D:1:      shiori_arrival_maze, layout_rooms
D:2:      minmay_diamond_boxcup, layout_rooms,
          dreamdust_ecumenical_altar_statues
D:3:      layout_loops_ring, nicolae_hepliaklqana_hazy_memory,
          tgw_kikubaaqudgha, grunt_decor_cap, uniq_robin, uniq_sigmund
D:4:      layout_loops_ring, grunt_gozag_statues, mainiacjoe_overflow_alcove_4,
          serial_glass, glass_columns_a, glass_columns_b
D:5:      layout_layer_cave, serial_shops, nicolae_stop_n_shop_1,
          nicolae_shop_trees, shop
D:6:      layout_basic, mainiacjoe_overflow_catwalk_spiral,
          minmay_temple_entry_trees, nicolae_elemental_shop, eino_tiny_chamber,
          chequers_decorated_corner, minmay_misc_feat_cross,
          minmay_misc_feat_rugged
D:7:      nzn_winding_woodlands_small [nzn_winding_woodlands_5x15_jagged,
          nzn_winding_woodlands_center_lodge,
          nzn_winding_woodlands_5x15_pockets], layout_basic, slow_altar_1,
          zin_purify
Temple:   nicolae_temple_panitentiary

Skill      XL: |  1  2  3  4  5  6  7  8 |
---------------+-------------------------+-----
Armour         | 4 5 6 |  6.7
Fighting       | 4 5 6 |  6.7
Shields        | 4 5 6 |  6.7
Maces & Flails | 3 4 5 |  5.7

Action                     |  1- 3 |  4- 6 |  7- 9 || total
---------------------------+-------+-------+-------++-------
  Melee: Flail             |   136 |   167 |   186 ||   489
    Use: Scroll            |       |     6 |    10 ||    16
 Armour: Scale mail        |    33 |       |       ||    33
         Chain mail        |    78 |   131 |   166 ||   375
  Dodge: Dodged            |    74 |    82 |    88 ||   244
  Block: Buckler           |    41 |    37 |    60 ||   138

Table legend: (Time is in decaauts)
 A = Elapsed time spent in this place.
 B = Non-inter-level travel time spent in this place.
 C = Inter-level travel time spent in this place.
 D = Time resting spent in this place.
 E = Time spent auto-exploring this place.
 F = Levels seen in this place.
 G = Mean time per level.
                   A        B        C        D        E       F      G
               +--------+--------+--------+--------+--------+-----+--------+
         Total |   6483 |   6030 |    453 |    636 |   4119 |   8 |  810.4 |
       Dungeon |   6361 |   5926 |    435 |    636 |   4026 |   7 |  908.7 |
        Temple |    121 |    103 |     18 |      0 |     93 |   1 |  121.0 |
               +--------+--------+--------+--------+--------+-----+--------+

Top non-repeatable levels by time:
     D:5: 1399 daAuts
     D:3: 1319 daAuts
     D:4: 1094 daAuts
     D:6: 1009 daAuts
     D:1: 766 daAuts
     D:2: 656 daAuts
  Temple: 121 daAuts
     D:7: 115 daAuts
